 Dungeon Crawl Stone Soup version 0.27-a0-765-ge4d627daa3 (webtiles) character file.

Game seed: 9107088427546768466

2 CurlyBrace the Charlatan (level 1, 0/9 HPs)
             Began as a Felid Artificer on Mar 24, 2021.
             Slain by an endoplasm (1 damage)
             ... on level 1 of the Dungeon.
             The game lasted 00:02:09 (117 turns).

CurlyBrace the Charlatan (Felid Artificer)           Turns: 117, Time: 00:02:10

Health: 0/9        AC:  1    Str:  8    XL:     1   Next: 25%
Magic:  2/2        EV: 18    Int: 12    God:
Gold:   14         SH:  0    Dex: 16    Spells: 0/0 levels left
                                        Lives:  0   Deaths: 0

rFire    . . .     SeeInvis +   (weapon unavailable)
rCold    . . .     Faith    .   (shield unavailable)
rNeg     . . .     Spirit   .   (armour unavailable)
rPois    .         Reflect  .   (helmet unavailable)
rElec    .         Harm     .   (cloak unavailable)
rCorr    .         Rampage  .   (gloves unavailable)
Will     .....                  (boots unavailable)
Stlth    ++........             (no amulet)
HPRegen  0.03/turn              (no ring)
MPRegen  0.08/turn              (no ring)

@: quick
A: very small, claws 1, fangs 3, see invisible, speed 1, shaggy fur 1, stealthy
paws, no weapons or thrown items, no armour, multi-lived
a: no special abilities


You were on level 1 of the Dungeon.
You visited 1 branch of the dungeon, and saw 1 of its levels.

You collected 14 gold pieces.

Inventory:

Wands
 a - a wand of flame (15) (quivered)
 b - a wand of charming (15)
 c - a wand of random effects (15)
Scrolls
 d - a scroll of brand weapon {unknown}


   Skills:
 * Level 1.1 Fighting
 - Level 3.2 Dodging
 + Level 1.4 Stealth
 * Level 0.2 Unarmed Combat
 - Level 3.2 Evocations


You couldn't memorise any spells.
You didn't know any spells.
Your spell library was empty.

Dungeon Overview and Level Annotations

Branches:
Dungeon (1/15)

Altars:


Innate Abilities, Weirdness & Mutations

You have sharp claws.
You have razor-sharp teeth.
You have supernaturally acute eyesight. (SInv)
You cover ground quickly. (Speed+)
You are covered in fur. (AC +1)
Your stealthy paws help you sneak and pounce on unaware monsters.
You are incapable of wielding weapons or throwing items.
You cannot wear armour.
You gain extra lives every three experience levels.


Message History

A goblin comes into view. It is wielding a +0 club.
You pounce on the unaware helpless hobgoblin!
You scratch the hobgoblin.
The hobgoblin is almost dead.
The hobgoblin misses you.
You completely miss the hobgoblin.
The hobgoblin is almost dead.
The hobgoblin hits you.
Ouch! That really hurt!
You scratch the hobgoblin.
You kill the hobgoblin!
Unknown command.
A kobold comes into view. It is wielding a +0 short sword.
Found 9 gold pieces.
A jackal comes into view.
The jackal barks!
The kobold shouts!
A jackal comes into view.
The kobold throws a stone.
The stone hits you but does no damage.
The jackal moves out of view.
The kobold throws a stone.
The stone misses you.
The kobold throws a stone.
The stone hits you but does no damage.
Found a scroll labelled ENITEE LIES.
As you open the door, it creaks loudly!
There is an open door here.
You see here a scroll labelled ENITEE LIES.
d - a scroll labelled ENITEE LIES An endoplasm comes into view.
Found 10 gold pieces.
Found a ring mail.
A rat comes into view.
The endoplasm quivers.
The endoplasm misses you.
You barely miss the endoplasm. The endoplasm freezes you.
You are frozen.
* * * LOW HITPOINT WARNING * * *
You scratch the endoplasm.
The endoplasm is moderately wounded.
The endoplasm hits you.
You die...

# ####... ..####
#...r.# ......
#...[.# g.....
#..$..# ......
#.....# ......
#.....###### ......
#..J.......# ......
#...@......# ###+####
#........... .......$
##...........
........
#............
....h...
#............
........
#########............
........
#..................##
#######.
#........###....++##
#. #........# #....#
#h


You could see an endoplasm and a rat (asleep).

Vanquished Creatures
  A hobgoblin (D:1)
  A frilled lizard (D:1)
2 creatures vanquished.

Notes
Turn   | Place    | Note
-------+----------+-------------------------------------------
     0 | D:1      | CurlyBrace the Felid Artificer began the quest for the Orb.
     0 | D:1      | Reached XP level 1. HP: 9/9 MP: 2/2
   117 | D:1      | Slain by an endoplasm

Illustrated notes

Levels and vault maps discovered:
D:1:      dpeg_arrival_lava_altar, layout_basic, chequers_serial_rivers_micro_c,
          minmay_box_of_dots

Action                   || total
-------------------------++-------
Melee: Unarmed           ||     6
 Stab: Sleeping          ||     2
Armor: Skin              ||     2
Dodge: Dodged            ||     3

Table legend: (Time is in decaauts)
 A = Elapsed time spent in this place.
 B = Non-inter-level travel time spent in this place.
 C = Inter-level travel time spent in this place.
 D = Time resting spent in this place.
 E = Time spent auto-exploring this place.
 F = Levels seen in this place.
 G = Mean time per level.
                   A        B        C        D        E       F      G
               +--------+--------+--------+--------+--------+-----+--------+
         Total |     95 |     95 |      0 |      0 |      0 |   1 |   95.0 |
       Dungeon |     95 |     95 |      0 |      0 |      0 |   1 |   95.0 |
               +--------+--------+--------+--------+--------+-----+--------+

Top non-repeatable levels by time:
     D:1: 95 daAuts
